 Dungeon Crawl Stone Soup version 0.30-a0-824-g6c64550be9 (webtiles) character file.

Game seed: 14653177616407401743

1216 cforsyth the Covert (level 8, 0/51 HPs)
             Began as a Kobold Brigand on Feb 27, 2023.
             Killed from afar by a white imp (9 damage)
             ... with a puff of frost
             ... on level 5 of the Dungeon.
             The game lasted 00:06:38 (4911 turns).

cforsyth the Covert (Kobold Brigand)                Turns: 4911, Time: 00:06:38

Health: 0/51       AC:  4    Str:  7    XL:     8   Next: 75%
Magic:  8/8        EV: 18    Int: 16    God:
Gold:   297        SH:  0    Dex: 18    Spells: 7/7 levels left

rFire   + . .      SeeInvis .    v - +0 short sword (venom)
rCold   . . .      Faith    .    (no shield)
rNeg    . . .      Spirit   .    b - +0 robe
rPois   .          Reflect  .    (no helmet)
rElec   .          Harm     .    c - +0 cloak
rCorr   .          Rampage  .    o - +0 pair of gloves
Will    .....                    (no boots)
Stlth   +++++                    (no amulet)
HPRegen 0.28/turn                (no ring)
MPRegen 0.11/turn                (no ring)

@: no status effects
A: small, no large weapons, nightstalker 3, clever 1, fire resistance 1
a: no special abilities


You were on level 5 of the Dungeon.
You visited 1 branch of the dungeon, and saw 5 of its levels.

You collected 297 gold pieces.

Inventory:

Hand Weapons
 a - a +2 dagger
 v - a +0 short sword of venom (weapon)
Missiles
 d - 14 poisoned darts (quivered)
 e - 3 curare-tipped darts
Armour
 b - a +0 robe (worn)
 c - a +0 cloak (worn)
 o - a +0 pair of gloves (worn)
Wands
 A - a wand of mindburst (16)
Scrolls
 f - 2 scrolls of fear
 h - a scroll of torment {unknown}
 i - 2 scrolls of identify {unknown}
 j - a scroll of amnesia {unknown}
 k - 2 scrolls of fog {unknown}
 n - a scroll of teleportation {unknown}
 r - 2 scrolls of poison
 u - 2 scrolls of vulnerability
 y - a scroll of summoning {unknown}
Potions
 g - a potion of mutation
 l - a potion of berserk rage {unknown}
 m - 2 potions of heal wounds
 p - 3 potions of brilliance {unknown}
 q - a potion of curing
 s - a potion of magic {unknown}
 t - a potion of haste {unknown}
 w - a potion of invisibility {unknown}
 x - a potion of attraction {unknown}
 z - a potion of lignification {unknown}


   Skills:
 + Level 5.7 Fighting
 + Level 7.0 Short Blades
 - Level 2.1 Throwing
 + Level 5.9 Dodging
 + Level 8.9 Stealth


You had 7 spell levels left.
You didn't know any spells.
Your spell library contained the following spells:

 Spells                   Type           Power      Damage    Failure   Level
 Apportation              Tloc           0%         N/A       26%         1
 Necrotise                Necr           0%         1d4       26%         1
 Summon Small Mammal      Summ           0%         N/A       26%         1


Dungeon Overview and Level Annotations

Branches:
Dungeon (5/15)
 Temple: D:4-7

Altars:
Qazlal
Xom

Annotations:
D:2 1 runed translucent door, Crazy Yiuf


Innate Abilities, Weirdness & Mutations

You are small and have problems with some larger weapons.
You are completely attuned to the shadows.
Your mind is acute. (Int +4, Str/Dex -1)
Your flesh is heat resistant. (rF+)


Message History

You kill the hound!
The white imp completely misses you.
You hit the white imp but do no damage. The white imp closely misses you.
You hit the white imp but do no damage.
The white imp hits you but does no damage.
You hit the white imp but do no damage. You barely miss the white imp.
The white imp barely misses you.
You hear a shout!
You hit the white imp.
The white imp is heavily wounded.
You hear an angry hiss.
The white imp hits you but does no damage.
You hit the white imp but do no damage.
The white imp is heavily wounded.
You hit the white imp but do no damage.
The white imp is heavily wounded.
The white imp closely misses you.
You hit the white imp but do no damage.
The white imp is heavily wounded.
The white imp gestures at you. The puff of frost hits you!
* * * LOW HITPOINT WARNING * * *
You barely miss the white imp.
The white imp is heavily wounded.
You hit the white imp.
The white imp is poisoned.
You punch the white imp, but do no damage.
The white imp is heavily wounded.
The white imp completely misses you.
You barely miss the white imp.
The white imp is heavily wounded.
An adder comes into view.
You barely miss the white imp.
The white imp is heavily wounded.
The white imp hits you but does no damage.
You hit the white imp but do no damage.
The white imp is heavily wounded.
A phantom comes into view.
The white imp gestures at you. The puff of frost hits you!
You die...

..# #.# #.# .# #.#
. ##.########.###
.. ..##..)......#
##.##..#.#####.#.#
..{5..h#@# #.#.#
.#.##K§#5# ###.#.#
.5 #§§S.###...#.#
. ....W..........#
.##............#
#............#
#....###....## #
##.#.# #.####.#.#


You could see a phantom (wandering), an adder and a white imp (very poisoned).

Vanquished Creatures
  Pikel (D:5)
  A black bear (D:5)
  An ogre (D:4)
  A lemure (D:5)
  A phantom (D:5)
  2 scorpions (D:4)
  2 hounds
  2 jellies (D:5)
  2 orc priests
  Natasha (D:3)
  An iguana (D:4)
  Robin (D:3)
  3 adders
  A worm (D:3)
  4 dart slugs
  14 orcs
  12 ball pythons
  5 endoplasms
  5 giant cockroaches
  11 goblins
  9 hobgoblins
  10 jackals
  9 kobolds
  3 quokkas
  4 bats
  5 frilled lizards
  5 rats
116 creatures vanquished.

Vanquished Creatures (others)
  9 plants (D:3)
9 creatures vanquished.

Grand Total: 125 creatures vanquished

Notes
Turn   | Place    | Note
-------+----------+-------------------------------------------
     0 | D:1      | cforsyth the Kobold Brigand began the quest for the Orb.
     0 | D:1      | Reached XP level 1. HP: 12/12 MP: 1/1
   100 | D:1      | Reached XP level 2. HP: 18/18 MP: 2/2
   395 | D:1      | Reached XP level 3. HP: 22/22 MP: 3/3
   812 | D:2      | Reached XP level 4. HP: 27/27 MP: 4/4
   859 | D:2      | Reached skill level 6 in Stealth
  1111 | D:2      | You fall into a shaft and drop 1 floor!
  1296 | D:3      | Noticed Robin
  1315 | D:3      | Killed Robin
  1316 | D:3      | Reached XP level 5. HP: 19/32 MP: 5/5
  1499 | D:3      | Found a shimmering altar of Xom.
  1560 | D:3      | Noticed Natasha
  1573 | D:3      | Killed Natasha
  2076 | D:3      | Reached XP level 6. HP: 37/37 MP: 6/6
  2349 | D:3      | Found a stormy altar of Qazlal.
  2681 | D:2      | Found a runed translucent door.
  2684 | D:2      | Noticed Crazy Yiuf
  2903 | D:4      | Gained mutation: Your flesh is heat resistant. (rF+)
                  | [potion of mutation]
  2903 | D:4      | Gained mutation: Your mind is acute. (Int +4, Str/Dex -1)
                  | [potion of mutation]
  3096 | D:4      | Noticed an ogre
  3110 | D:4      | Killed an ogre
  3111 | D:4      | Reached skill level 5 in Short Blades
  3111 | D:4      | Reached skill level 7 in Stealth
  3111 | D:4      | Reached XP level 7. HP: 29/43 MP: 7/7
  4522 | D:5      | Entered Level 5 of the Dungeon
  4847 | D:5      | Reached skill level 5 in Dodging
  4847 | D:5      | Reached skill level 8 in Stealth
  4847 | D:5      | Reached XP level 8. HP: 48/48 MP: 8/8
  4858 | D:5      | Noticed Pikel
  4890 | D:5      | Killed Pikel
  4891 | D:5      | Reached skill level 5 in Fighting
  4911 | D:5      | Killed from afar by a white imp

Illustrated notes

Levels and vault maps discovered:
D:1:      saegor_arrival_simple_d, layout_rooms, supply_closet_lemuel,
          minmay_misc_feat_room, serial_bayou_pond_b
D:2:      layout_loops_cross, minmay_tripent, uniq_crazy_yiuf_cottage
D:3:      layout_loops_ring, mainiacjoe_overflow_paths, lemuel_tele_altar,
          serial_bayou, serial_bayou_shore_a, serial_bayou_crossing,
          serial_bayou_ford_a, serial_bayou_lagoon_b, uniq_natasha, uniq_robin
D:4:      layout_basic
D:5:      layout_loops_corners, nicolae_overflow_hidden_temple,
          ebering_ghost_sewer_f, minmay_diced_spiral, uniq_sigmund, uniq_ijyb,
          uniq_pikel

Skill      XL: |  1  2  3  4  5  6  7  8 |
---------------+-------------------------+-----
Short Blades   | 3 4 5 6 7 |  7.0
Dodging        | 2 3 4 5 |  5.9
Stealth        | 6 7 8 |  8.9
Fighting       | 3 4 5 |  5.7
Throwing       | |  2.1

Action                     |  1- 3 |  4- 6 |  7- 9 || total
---------------------------+-------+-------+-------++-------
  Melee: Dagger            |    63 |   209 |    57 ||   329
         Punch             |     2 |     2 |     5 ||     9
         Short sword       |       |       |    99 ||    99
    Use: Potion            |       |     4 |     1 ||     5
         Scroll            |       |     4 |       ||     4
   Stab: Sleeping          |    16 |    25 |     6 ||    47
         Distracted        |       |     1 |     1 ||     2
 Armour: Robe              |    10 |    30 |    26 ||    66
  Dodge: Dodged            |    21 |   150 |   118 ||   289

Table legend: (Time is in decaauts)
 A = Elapsed time spent in this place.
 B = Non-inter-level travel time spent in this place.
 C = Inter-level travel time spent in this place.
 D = Time resting spent in this place.
 E = Time spent auto-exploring this place.
 F = Levels seen in this place.
 G = Mean time per level.
                   A        B        C        D        E       F      G
               +--------+--------+--------+--------+--------+-----+--------+
         Total |   4896 |   4704 |    192 |    652 |   3291 |   5 |  979.2 |
       Dungeon |   4896 |   4704 |    192 |    652 |   3291 |   5 |  979.2 |
               +--------+--------+--------+--------+--------+-----+--------+

Top non-repeatable levels by time:
     D:3: 2068 daAuts
     D:4: 997 daAuts
     D:2: 854 daAuts
     D:1: 613 daAuts
     D:5: 362 daAuts
